 Dungeon Crawl Stone Soup version 0.18-a0 (webtiles) character file.

650 Arkorax the Magician (level 7, -4/46 HPs)
             Began as a Demonspawn Wizard on Oct 30, 2015.
             Was a Believer of Cheibriados.
             Killed by nerve-wracking pain
             ... invoked by a shadow imp
              (14 damage)
             ... on level 5 of the Dungeon.
             The game lasted 00:11:16 (4033 turns).

Arkorax the Magician (Demonspawn Wizard)            Turns: 4033, Time: 00:11:17

Health: -4/46      AC:  7    Str: 13    XL:     7   Next: 28%
Magic:  0/16       EV: 12    Int: 27    God:    Cheibriados [**....]
Gold:   225        SH:  0    Dex: 18    Spells: 4 memorised, 9 levels left

rFire  . . .     SeeInvis .     e - +1 dagger (elec)
rCold  . . .     Clarity  .     a - +1 robe
rNeg   + . .     SustAt   .     (no shield)
rPois  .         Gourm    .     q - +0 helmet
rElec  .         Spirit   +     j - +0 cloak
rCorr  .         Warding  .     (no gloves)
rMut   .         Stasis   .     (no boots)
MR     .....                    (no amulet)
Stlth  ++........               w - ring of positive energy
                                (no ring)

@: repel missiles, very slow, not resistant to hostile enchantments, unstealthy
A: slimy green scales 1, magic shield, magic regeneration
a: Bend Time, Renounce Religion


You were on level 5 of the Dungeon.
You worshipped Cheibriados.
Cheibriados was pleased with you.
You were not hungry.

You visited 1 branch of the dungeon, and saw 5 of its levels.

You collected 225 gold pieces.

Inventory:

Hand Weapons
 e - a +1 dagger of electrocution (weapon)
Armour
 a - a +1 robe (worn)
 b - a +0 hat
 j - a +0 cloak (worn)
 q - a +0 helmet (worn)
Jewellery
 g - an uncursed ring of ice
 s - an uncursed amulet of rage
 w - a ring of positive energy (right hand)
Scrolls
 h - a scroll of fog {unknown}
 i - 3 scrolls of enchant weapon
 l - 3 scrolls of enchant armour
 m - a scroll of teleportation
 n - 7 scrolls of identify
 r - 2 scrolls of random uselessness {unknown}
 y - a scroll of noise {unknown}
 E - a scroll of blinking {unknown}
 G - 2 scrolls of amnesia {unknown}
Potions
 d - a potion of poison
 f - a potion of haste {unknown}
 k - a potion of ambrosia {unknown}
 t - a potion of might {unknown}
 u - 2 potions of lignification {unknown}
 x - a potion of curing
 z - 2 potions of agility {unknown}
 B - a potion of cancellation {unknown}
 F - a potion of berserk rage {unknown}
 H - a potion of resistance {unknown}
Books
 c - a book of Minor Magic

   Spells                             Type                      Level
   a - Magic Dart                     Conjuration                  1
   b - Blink                          Translocation                2
   c - Call Imp                       Summoning                    2
   d - Repel Missiles                 Charms/Air                   2
   e - Slow                           Hexes                        2
   f - Conjure Flame                  Conjuration/Fire             3
   g - Mephitic Cloud                 Conjuration/Poison/Air       3
Comestibles
 o - 3 beef jerkies
 v - a meat ration
 A - 2 bread rations
 C - a slice of pizza
 D - a royal jelly


   Skills:
 - Level 1.7 Dodging
 - Level 1.7 Stealth
 + Level 6.4 Spellcasting
 * Level 4.8 Conjurations
   Level 1.0 Summonings
   Level 0.8 Translocations


You had 9 spell levels left.
You knew the following spells:

 Your Spells              Type           Power        Failure   Level  Hunger
a - Magic Dart            Conj           ####         1%          1    None
b - Mephitic Cloud        Conj/Pois/Air  ###.....     12%         3    None
c - Repel Missiles        Chrm/Air       #.....       12%         2    None
d - Conjure Flame         Conj/Fire      ###.....     10%         3    None


Dungeon Overview and Level Annotations

Branches:
Dungeon (5/15)
 Temple: D:4-7

Altars:
Ashenzari
Cheibriados
Gozag

Shops:
D:2 *


Innate Abilities, Weirdness & Mutations

You are partially covered in slimy green scales (AC +2).
When hurt, damage is shared between your health and your magic reserves.
You regenerate magic rapidly.


Message History

The hound bites the orc wizard but does no damage.
You hit the orc wizard.
The orc wizard is severely wounded.
Your surroundings suddenly seem different.
A worker ant comes into view.
The worker ant twitches its antennae in your direction.
A crimson imp and a shadow imp come into view.
The worker ant waves its antennae.
The crimson imp blinks!
The shadow imp shouts!
The worker ant bites you but does no damage.
The shadow imp gestures at you. Pain shoots through your body!
The worker ant bites you.
You hit the worker ant.
The worker ant is lightly wounded.
The worker ant bites you.
* * * LOW HITPOINT WARNING * * *
The shadow imp gestures at you. Pain shoots through your body!
You die...

.......
.......
.......
.......
.5.....
######...#...
#............
#...@a.......
#............
#............
#..........##
#...5......#
#..........#
#..........#
#..........#
#..........#


You could see a worker ant, a crimson imp and a shadow imp.

Vanquished Creatures
  2 phantoms (D:4)
  A scorpion (D:4)
  A water moccasin skeleton (D:4)
  2 crimson imps
  A hound (D:4)
  An orc wizard (D:4)
  A giant frog skeleton (D:5)
  A worker ant zombie (D:5)
  A hound skeleton (D:5)
  5 adders
  2 oozes
  9 orcs
  7 giant cockroaches
  4 hobgoblins
  13 jackals
  4 kobolds
  3 bats
  4 giant geckos
  A giant gecko skeleton (D:4)
  7 giant newts
  5 goblins
  4 rats
79 creatures vanquished.

Vanquished Creatures (others)
  A sky beast (D:5)
1 creature vanquished.

Grand Total: 80 creatures vanquished

Notes
Turn   | Place    | Note
--------------------------------------------------------------
     0 | D:1      | Arkorax the Demonspawn Wizard began the quest for the Orb.
     0 | D:1      | Reached XP level 1. HP: 13/13 MP: 4/4
   192 | D:1      | Gained mutation: You are partially covered in slimy green scales (AC +2). [demonic ancestry]
   192 | D:1      | Reached XP level 2. HP: 14/19 MP: 0/6
   531 | D:2      | Reached XP level 3. HP: 17/24 MP: 8/8
   620 | D:2      | Found an opulent altar of Gozag.
   626 | D:2      | Found Gozag's Platinum Reserve.
   898 | D:2      | Learned a level 3 spell: Mephitic Cloud
   901 | D:2      | Learned a level 2 spell: Repel Missiles
   905 | D:2      | Learned a level 3 spell: Conjure Flame
  1011 | D:2      | Found a snail-covered altar of Cheibriados.
  1020 | D:2      | Became a worshipper of Cheibriados the Contemplative
  1117 | D:2      | Reached skill level 4 in Spellcasting
  1323 | D:2      | Found a shattered altar of Ashenzari.
  1662 | D:3      | Reached * piety under Cheibriados
  1665 | D:3      | Gained mutation: When hurt, damage is shared between your health and your magic reserves. [demonic ancestry]
  1665 | D:3      | Reached XP level 4. HP: 13/30 MP: 2/10
  2422 | D:4      | Noticed an ogre
  2497 | D:4      | Gained mutation: You regenerate magic rapidly. [demonic ancestry]
  2497 | D:4      | Reached XP level 5. HP: 28/35 MP: 9/12
  2508 | D:4      | Reached ** piety under Cheibriados
  2776 | D:4      | Noticed a phantom
  2801 | D:4      | Killed a phantom
  2801 | D:4      | Reached skill level 5 in Spellcasting
  2851 | D:4      | Reached XP level 6. HP: 35/41 MP: 14/14
  3146 | D:4      | Noticed a phantom
  3196 | D:4      | Killed a phantom
  3230 | D:4      | Reached skill level 6 in Spellcasting
  3665 | D:5      | Entered Level 5 of the Dungeon
  3834 | D:4      | Reached XP level 7. HP: 28/46 MP: 14/16
  4033 | D:5      | Killed from afar by a shadow imp

Vault maps used:
D:1:      lightli_molten_gateway, minmay_strange_pillars, hex_large
D:2:      nicolae_gozag_zags_fifth_avenue, cheibriados_altar_1,
          evilmike_ruin_ashenzari, minmay_misc_feat_cross,
          kennysheep_generic_room_8
D:3:      hangedman_decor_peaks_small
D:4:      first_bread, minmay_small_thing
D:5:      gammafunk_temple_overflow_wave

Action                   |  1- 3 |  4- 6 |  7- 9 || total
-------------------------+-------+-------+-------++-------
Melee: Dagger            |   104 |   130 |    33 ||   267
 Cast: Magic Dart        |    27 |    25 |       ||    52
       Mephitic Cloud    |     1 |     2 |     2 ||     5
       Repel Missiles    |     1 |       |       ||     1
       Conjure Flame     |       |     1 |       ||     1
  Use: Potion            |       |       |     5 ||     5
       Scroll            |       |       |     3 ||     3
 Stab: Distracted        |     2 |       |       ||     2
       Sleeping          |     1 |     4 |     1 ||     6
       Confused          |       |     1 |       ||     1
  Eat: Bread ration      |     1 |       |       ||     1
       Meat ration       |       |       |     1 ||     1
